 Dungeon Crawl Stone Soup version 0.18.1-48-g4cf74bf (webtiles) character file.

65 MovingMist the Insei (level 4, 0/32 HPs)
             Began as an Octopode Monk on Aug 19, 2016.
             Was a Believer of the Shining One.
             Killed from afar by Ijyb (7 damage)
             ... with a wand of flame
             ... on level 2 of the Dungeon.
             The game lasted 00:06:32 (1334 turns).

MovingMist the Insei (Octopode Monk)                Turns: 1334, Time: 00:06:33

Health: 0/32       AC:  1    Str: 15    XL:     4   Next: 14%
Magic:  4/4        EV: 13    Int: 12    God:    the Shining One [**....]
Gold:   117        SH:  0    Dex: 15    Spells: 0 memorised, 3 levels left

rFire  . . .     SeeInvis .       - Unarmed
rCold  . . .     Gourm    .     (no shield)
rNeg   + . .     Faith    .     (helmet restricted)
rPois  .         Spirit   .     (no amulet)
rElec  .         Dismiss  .     d - +5 ring of strength
rCorr  .         Reflect  .     (no ring)
SustAt .         Harm     .     (no ring)
MR     .....                    (no ring)
Stlth  ++........               (no ring)
                                (no ring)
                                (no ring)
                                (no ring)

@: glowing, not resistant to hostile enchantments, unstealthy
A: almost no armour, amphibious, 8 rings, constrict 8, camouflage 1, gelatinous
body 1
a: Divine Shield, Renounce Religion


You were on level 2 of the Dungeon.
You worshipped the Shining One.
The Shining One was pleased with you.
You were not hungry.

You visited 1 branch of the dungeon, and saw 2 of its levels.

You collected 117 gold pieces.

Inventory:

Jewellery
 d - a +5 ring of strength (left tentacle)
 j - a +4 ring of dexterity {unknown}
Scrolls
 b - 2 scrolls of remove curse
 e - 2 scrolls of identify
 g - 5 scrolls of enchant weapon
 h - 2 scrolls of teleportation
Potions
 f - a potion of ambrosia
 k - a potion of flight {unknown}
Comestibles
 a - 3 bread rations
 c - a slice of pizza
 i - 2 chunks of flesh


   Skills:
 + Level 3.6 Fighting
 + Level 3.4 Dodging
 - Level 3.1 Stealth
 + Level 4.6 Unarmed Combat


You had 3 spell levels left.
You didn't know any spells.

Dungeon Overview and Level Annotations

Branches:
Dungeon (2/15)

Altars:
Fedhas
Pakellas
The Shining One

Annotations:
D:2 Ijyb


Innate Abilities, Weirdness & Mutations

You cannot wear most types of armour.
You are amphibious.
You can wear up to eight rings at the same time.
You can use your tentacles to constrict eight enemies at once.
Your skin changes colour to match your surroundings (Stealth).
Your rubbery body absorbs attacks (AC +1).


Message History

Your tentacle-slap misses the bat.
Your squeeze misses the bat. The bat barely misses you.
You tentacle-slap the bat.
You kill the bat!
You bludgeon the kobold!
You kill the kobold!
Ijyb hits you.
You see here a dagger of holy wrath.
You tentacle-slap Ijyb but do no damage.
Your grab misses Ijyb. Your squeeze misses Ijyb. You tentacle-slap Ijyb.
You grab Ijyb.
Ijyb is lightly wounded.
You constrict Ijyb.
Ijyb zaps a wand.
The puff of flame hits you!
* * * LOW HITPOINT WARNING * * *
It is a wand of flame.
You are too injured to fight recklessly!
You are too injured to fight recklessly!
You release your grip on Ijyb.
Ijyb zaps a wand.
The puff of flame hits you!
You die...

#.#.#.#....
#..........##.....#....
..........##.....#..>.
......... #.....#...#
....... #....###.##
..... #........## ...
#....###### #.#
#....'..... #@#
#....###### #.# #....#
# #g# #.#### # #[# #.#
# ####(######.# #
#...........##### #
#................. #
#................. #
.................... #


You could see Ijyb.

Vanquished Creatures
  2 adders (D:2)
  An ooze (D:2)
  3 dart slugs
  A giant gecko (D:2)
  4 bats
  A giant cockroach (D:2)
  4 goblins
  4 hobgoblins
  4 jackals (D:2)
  3 giant newts
  4 kobolds
  2 rats (D:1)
33 creatures vanquished.

Notes
Turn   | Place    | Note
--------------------------------------------------------------
     0 | D:1      | MovingMist the Octopode Monk began the quest for the Orb.
     0 | D:1      | Reached XP level 1. HP: 16/16 MP: 1/1
   265 | D:1      | Reached XP level 2. HP: 21/21 MP: 2/2
   598 | D:1      | You fall through a shaft!
   696 | D:2      | Found a glowing golden altar of the Shining One.
   856 | D:2      | Became a worshipper of the Shining One
   856 | D:2      | Reached * piety under the Shining One
   856 | D:2      | Reached ** piety under the Shining One
   914 | D:2      | Reached XP level 3. HP: 21/26 MP: 3/3
   951 | D:2      | Found an oddly glowing altar of Pakellas.
  1159 | D:2      | Found a blossoming altar of Fedhas.
  1258 | D:2      | Reached XP level 4. HP: 25/31 MP: 4/4
  1314 | D:2      | Noticed Ijyb
  1334 | D:2      | Killed from afar by Ijyb

Skill      XL: |  1  2 |
---------------+-------+-----
Stealth        | 3 |  3.1
Fighting       | |  3.6
Dodging        | |  3.4
Unarmed Combat | |  4.6

Action                   |  1- 3 |  4- 6 || total
-------------------------+-------+-------++-------
Melee: Unarmed           |    44 |    12 ||    56
       Constrict         |    15 |     2 ||    17
       Tentacles         |     6 |     3 ||     9
       Punch             |     2 |       ||     2
  Use: Scroll            |     5 |       ||     5
 Stab: Sleeping          |     8 |       ||     8
  Eat: Chunk             |     1 |       ||     1
Armor: Skin              |     3 |     1 ||     4
Dodge: Dodged            |    26 |     7 ||    33
